 Dungeon Crawl Stone Soup version 0.26.1-2-gb8aa6d0cf2 (webtiles) character file.

Game seed: 7127060820016728427

1933 Riddle the Spear-Bearer (level 9, -3/73 HPs)
             Began as a Merfolk Gladiator on Mar 21, 2021.
             Slain by a bullfrog (7 damage)
             ... on level 9 of the Dungeon.
             The game lasted 00:08:54 (10515 turns).

Riddle the Spear-Bearer (Merfolk Gladiator)        Turns: 10515, Time: 00:08:55

Health: -3/73      AC: 12    Str: 14    XL:     9   Next: 17%
Magic:  0/9        EV: 17    Int:  8    God:
Gold:   214        SH:  0    Dex: 16    Spells: 8/8 levels left

rFire    + . .     SeeInvis .   y - +7 spear of Calamity {elec, rPois Will+++ Dex-2 Stlth+}
rCold    . . .     Faith    .   (no shield)
rNeg     . . .     Spirit   +   b - +2 robe
rPois    +         Reflect  .   c - +0 helmet
rElec    .         Harm     .   v - +2 cloak
rCorr    .         Rampage  .   s - +2 pair of gloves
Will     +++..                  t - +0 pair of boots
Stlth    ++........             f - amulet of guardian spirit
HPRegen  0.22/turn              m - ring of wizardry
MPRegen  0.11/turn              x - ring of protection from fire

@: no status effects
A: change form in water, swift swim, stealthy swim
a: no special abilities


You were on level 9 of the Dungeon.
You visited 1 branch of the dungeon, and saw 7 of its levels.

You collected 214 gold pieces.

Inventory:

Hand Weapons
 a - a +1 long sword
 y - the +7 spear of Calamity (weapon) {elec, rPois Will+++ Dex-2 Stlth+}
   (You found it on level 4 of the Dungeon)

   Occasionally, upon striking a foe, it can discharge electrical energy and
   cause terrible harm.
   It affects your dexterity (-2).
   It protects you from poison.
   It affects your willpower, your defense against some magical effects.
   It makes you more stealthy.
Missiles
 d - 3 throwing nets (quivered)
Armour
 b - a +2 robe (worn)
 c - a +0 helmet (worn)
 s - a +2 pair of gloves (worn)
 t - a +0 pair of boots (worn)
 v - a +2 cloak (worn)
Jewellery
 f - an amulet of guardian spirit (around neck)
 m - a ring of wizardry (left hand)
 x - a ring of protection from fire (right hand)
Wands
 r - a wand of paralysis (15)
Scrolls
 e - a scroll of amnesia
 g - a scroll of remove curse
 i - 5 scrolls of identify
 k - 3 scrolls of immolation
 n - a scroll of fog
 o - 2 scrolls of enchant armour
Potions
 h - a potion of berserk rage {unknown}
 j - a potion of haste {unknown}
 u - a potion of might {unknown}
 w - a potion of curing
 z - 2 potions of mutation {unknown}


   Skills:
 + Level 7.6 Fighting
 - Level 6.0 Long Blades
 * Level 9.8 Polearms
 - Level 2.0 Throwing
 - Level 7.3 Dodging


You had 8 spell levels left.
You didn't know any spells.
Your spell library contained the following spells:

 Spells                   Type           Power        Failure   Level
 Animate Skeleton         Necr           0%           17%         1
 Apportation              Tloc           0%           17%         1
 Corona                   Hex            0%           17%         1
 Summon Small Mammal      Summ           0%           17%         1


Dungeon Overview and Level Annotations

Branches:
Dungeon (9/15)               Lair (0/6) D:8
 Temple: D:4-7          Orc: D:9-12

Altars:
Fedhas
Kikubaaqudgha
Xom
The Shining One


Message History

The yak gores you.
* * * LOW HITPOINT WARNING * * *
The hound bites you.
* * * LOW HITPOINT WARNING * * *
The hound bites you but does no damage.
Found 18 gold pieces.
An ufetubus comes into view.
A bullfrog comes into view.
The hound bites you but does no damage.
A scorpion comes into view.
The ufetubus shouts!
A wight comes into view. It is wielding a +0 mace.
The ufetubus hits you but does no damage. x2
The hound bites you. The ufetubus misses you. x2
A wight comes into view. It is wielding a +0 short sword.
A wight comes into view. It is wielding a -1 hand axe.
The bullfrog barely misses you.
A wight comes into view. It is wielding a +0 battleaxe.
The bullfrog hits you!
You die...

..... . ##. ....#.# .
###... ....#. .#
##.#...###.... ..
#........#....#.#..
#..........#....#...
.#.........##........
...........Yl@.....z.
.#............Y5hF..#...
...............YB.s.....
.............Yo.....z.zz
........................
........................
...............W..$.....
$.......................
.......................


You could see 4 yaks, a phantom, a bullfrog, a scorpion (wandering), a hound, a
worker ant, 4 wights, an orc, an ufetubus and a leopard gecko.

Vanquished Creatures
  Erica (D:8)
  2 yaks (D:9)
  2 ogres (D:4)
  A water moccasin zombie (D:9)
  A scorpion (D:9)
  A howler monkey (D:4)
  A bullfrog zombie (D:9)
  4 hounds
  An orc priest (D:9)
  2 bullfrog skeletons
  Jessica (D:1)
  Terence (D:3)
  An iguana (D:9)
  3 orc wizards
  A worker ant (D:4)
  6 adders
  8 gnolls
  3 oozes
  An adder skeleton (D:4)
  3 worms (D:2)
  3 dart slugs
  3 leopard geckos
  27 orcs
  A ball python (D:3)
  9 bats
  2 giant cockroaches
  5 goblins
  8 hobgoblins
  3 jackals (D:1)
  A quokka (D:4)
  5 frilled lizards
  9 kobolds
  6 rats
126 creatures vanquished.

Vanquished Creatures (others)
  13 plants
  5 withered plants (D:4)
18 creatures vanquished.

Grand Total: 144 creatures vanquished

Notes
Turn   | Place    | Note
-------+----------+-------------------------------------------
     0 | D:1      | Riddle the Merfolk Gladiator began the quest for the Orb.
     0 | D:1      | Reached XP level 1. HP: 16/16 MP: 1/1
   134 | D:1      | Reached XP level 2. HP: 23/23 MP: 2/2
   315 | D:1      | Reached XP level 3. HP: 22/28 MP: 3/3
  1098 | D:2      | Noticed Jessica
  1611 | D:2      | Reached XP level 4. HP: 34/35 MP: 4/4
  1667 | D:2      | Reached skill level 5 in Dodging
  2340 | D:1      | Killed Jessica
  4926 | D:2      | Reached XP level 5. HP: 41/41 MP: 5/5
  7495 | D:2      | HP: 2/42 [poisoned by a kobold]
  7503 | D:2      | HP: 1/42 [poisoned by a kobold]
  8013 | D:3      | Found a shimmering altar of Xom.
  8014 | D:3      | Found a shimmering altar of Xom.
  8015 | D:3      | Found a shimmering altar of Xom.
  8015 | D:3      | Found a shimmering altar of Xom.
  8016 | D:3      | Found a shimmering altar of Xom.
  8032 | D:3      | Reached XP level 6. HP: 48/48 MP: 6/6
  8136 | D:3      | Noticed Terence
  8163 | D:3      | Killed Terence
  8164 | D:3      | Reached skill level 5 in Long Blades
  9341 | D:4      | Reached XP level 7. HP: 55/55 MP: 7/7
  9453 | D:4      | Reached skill level 5 in Fighting
  9668 | D:4      | Got a translucent spear
  9669 | D:4      | Identified the +7 spear of Calamity {elec, rPois Will+++
                  | Dex-2 Stlth+} (You found it on level 4 of the Dungeon)
  9776 | D:4      | Reached skill level 1 in Polearms
  9907 | D:4      | Found an ancient bone altar of Kikubaaqudgha.
  9911 | D:4      | Found a blossoming altar of Fedhas.
  9936 | D:4      | Reached skill level 2 in Polearms
 10019 | D:5      | Entered Level 5 of the Dungeon
 10062 | D:5      | You fall into a shaft and drop 3 floors!
 10062 | D:8      | Found a staircase to the Lair.
 10063 | D:8      | Noticed a komodo dragon
 10070 | D:8      | Noticed Erica
 10105 | D:9      | Reached skill level 3 in Polearms
 10116 | D:9      | Reached XP level 8. HP: 34/64 MP: 6/8
 10119 | D:9      | Reached skill level 4 in Polearms
 10132 | D:9      | Reached skill level 5 in Polearms
 10434 | D:9      | Noticed a yak
 10435 | D:9      | Noticed a yak
 10436 | D:9      | Noticed a yak
 10436 | D:9      | Noticed a yak
 10438 | D:9      | Noticed a yak
 10438 | D:9      | Noticed a yak
 10442 | D:9      | Killed a yak
 10443 | D:9      | Reached skill level 6 in Polearms
 10447 | D:9      | Killed a yak
 10448 | D:9      | Reached skill level 7 in Polearms
 10460 | D:8      | HP: 2/65 [komodo dragon (21)]
 10461 | D:8      | Killed Erica
 10462 | D:8      | Reached skill level 9 in Polearms
 10462 | D:8      | Reached XP level 9. HP: 3/73 MP: 0/9
 10474 | D:8      | Found a glowing golden altar of the Shining One.
 10506 | D:9      | Noticed a cyclops
 10508 | D:9      | HP: 2/73 [hound (3)]
 10515 | D:9      | Slain by a bullfrog

Illustrated notes

Levels and vault maps discovered:
D:1:      shiori_arrival_maze, layout_basic
D:2:      layout_loops_cross, uniq_jessica
D:3:      layout_basic, xom_redecorated, uniq_terence
D:4:      layout_loops_ring, grunt_temple_overflow_growth_and_decay
D:5:      layout_loops_ring, general_overflow_altar,
          grunt_temple_overflow_cloverleaf, gup_sewer_entry_glass,
          ebering_ghost_sewer_f, uniq_blork_the_orc
D:8:      layout_cave_pools, nicolae_overflow_hidden_temple,
          david_lair_shrubbed, serial_shops, shop_coins, minmay_hedge_maze,
          due_unseen_surprise, uniq_erica
D:9:      layout_cross, serial_shops, nicolae_shop_statue_plus

Skill      XL: |  1  2  3  4  5  6  7  8 |
---------------+-------------------------+-----
Fighting       | 3 4 5 7 |  7.6
Long Blades    | 4 5 6 |  6.0
Dodging        | 5 6 7 |  7.3
Polearms       | 3 9 |  9.8
Throwing       | |  2.0

Action                   |  1- 3 |  4- 6 |  7- 9 || total
-------------------------+-------+-------+-------++-------
Melee: Long sword        |    77 |   201 |    44 ||   322
       Spear             |       |       |    81 ||    81
  Use: Potion            |     1 |       |       ||     1
       Scroll            |       |       |     9 ||     9
 Stab: Sleeping          |     1 |     2 |     2 ||     5
Armor: Leather armour    |    10 |    62 |       ||    72
       Robe              |       |     2 |    35 ||    37
Dodge: Dodged            |    78 |   179 |   106 ||   363
       Rpst.: Long sword |    28 |    54 |     7 ||    89
